SR
LADUE RAMS @ STATEN ISLAND PIZZA RATS
08/11/2034
 
TOP OF THE 1ST
Ladue Rams batting - Pitching for Staten Island Pizza Rats : LHP Artur Corteso
Pitching: LHP Artur Corteso
Batting: RHB Dick Melton 0-0: Called Strike
0-1: Ball
1-1: Called Strike
1-2: Fly out, F8 (Flyball, 8LD)
Batting: RHB Noel Peterson 0-0: SINGLE (Line Drive, 8LS)
Batting: RHB Louie Kennard 0-0: Ball
1-0: Ball
2-0: Foul Ball, location: 2F
2-1: Foul Ball, location: 2F
2-2: Foul Ball, location: 2F
2-2: Ball
3-2: Base on Balls
Noel Peterson to second
Batting: RHB Y-Tic Amanap 0-0: Called Strike
0-1: Ball
1-1: SINGLE (Flyball, 9S)
Noel Peterson to third
Louie Kennard to second
Runner from 3rd tries for Home, SAFE, no throw
Batting: RHB Daron Mack 0-0: Grounds into double play, 5-4-3 (Groundball, 56)
Top of the 1st over - 1 run, 2 hits, 0 errors, 1 left on base; Ladue 1 - Staten Island 0
BOTTOM OF THE 1ST
Staten Island Pizza Rats batting - Pitching for Ladue Rams : LHP Ryson Polonius
Pitching: LHP Ryson Polonius
Batting: RHB Curt Rovira 0-0: Foul Ball, location: 2F
0-1: Called Strike
0-2: Ball
1-2: Strikes out swinging
Batting: LHB Wilson Sabadodíaz 0-0: Foul Ball, location: 2F
0-1: Foul Ball, location: 2F
0-2: SINGLE (Flyball, 7LS)
Batting: LHB Ismael Soto 0-0: Ball
1-0: Ball
Wilson Sabadodíaz is caught stealing 2nd base
2-0: Ball
3-0: Called Strike
3-1: Base on Balls
Batting: LHB Tony Rincón 0-0: Called Strike
0-1: Ball
1-1: Ball
2-1: Ball
3-1: Fly out, F7 (Line Drive, 7LM)
Bottom of the 1st over - 0 runs, 1 hit, 0 errors, 1 left on base; Ladue 1 - Staten Island 0
TOP OF THE 2ND
Ladue Rams batting - Pitching for Staten Island Pizza Rats : LHP Artur Corteso
Batting: RHB Junji Ito 0-0: Fly out, F7 (Flyball, 7S)
Batting: RHB Ik-jun Cho 0-0: Fly out, F8 (Flyball, 8LD)
Batting: RHB Jacob King 0-0: Fly out, F5 (Line Drive, 5)
Top of the 2nd over - 0 runs, 0 hits, 0 errors, 0 left on base; Ladue 1 - Staten Island 0
BOTTOM OF THE 2ND
Staten Island Pizza Rats batting - Pitching for Ladue Rams : LHP Ryson Polonius
Now in LF: Miguel Román
Batting: RHB Brock Waxley 0-0: Ball
1-0: Called Strike
1-1: Called Strike
1-2: Strikes out looking
Batting: RHB Jack Lynch 0-0: Called Strike
0-1: Called Strike
0-2: Strikes out swinging
Batting: RHB Jorge Japón 0-0: SINGLE (Groundball, 34D)
Batting: RHB António Reyes 0-0: Swinging Strike
0-1: Foul Ball, location: 2F
0-2: TRIPLE (Line Drive, 89XD)
Jorge Japón scores
Batting: LHB Carlos Sánchez 0-0: Ball
1-0: Fly out, F9 (Line Drive, 9D)
Bottom of the 2nd over - 1 run, 2 hits, 0 errors, 1 left on base; Ladue 1 - Staten Island 1
TOP OF THE 3RD
Ladue Rams batting - Pitching for Staten Island Pizza Rats : LHP Artur Corteso
Batting: RHB Josip Primorac 0-0: Ball
1-0: Foul Ball, location: 2F
1-1: Ball
2-1: Foul Ball, location: 2F
2-2: Strikes out swinging
Batting: RHB Dick Melton 0-0: Ball
1-0: Foul Ball, location: 2F
1-1: Ground out 4-3 (Groundball, 4)
Batting: RHB Noel Peterson 0-0: Ball
1-0: Called Strike
1-1: Fly out, F8 (Line Drive, 8RM)
Top of the 3rd over - 0 runs, 0 hits, 0 errors, 0 left on base; Ladue 1 - Staten Island 1
BOTTOM OF THE 3RD
Staten Island Pizza Rats batting - Pitching for Ladue Rams : LHP Ryson Polonius
Batting: RHB Curt Rovira 0-0: Ball
1-0: Ball
2-0: Ball
3-0: Called Strike
3-1: DOUBLE (Line Drive, 7LD)
Batting: LHB Wilson Sabadodíaz 0-0: Reached on error, E6 (Groundball, 6)
Curt Rovira to third
Batting: LHB Ismael Soto 0-0: Ball
1-0: Foul Ball, location: 2F
1-1: Ball
2-1: Fly out, F8 (Flyball, 8LD)
Runner from 3rd tags up, SCORES, throw made
Batting: LHB Tony Rincón 0-0: Ball
1-0: Ball
2-0: Grounds into double play, 6-4-3 (Groundball, 56)
Bottom of the 3rd over - 1 run, 1 hit, 1 error, 0 left on base; Ladue 1 - Staten Island 2
TOP OF THE 4TH
Ladue Rams batting - Pitching for Staten Island Pizza Rats : LHP Artur Corteso
Batting: RHB Louie Kennard 0-0: Foul Ball, location: 2F
0-1: Ball
1-1: Foul Ball, location: 2F
1-2: Strikes out swinging
Batting: RHB Y-Tic Amanap 0-0: Ball
1-0: Foul Ball, location: 2F
1-1: Ball
2-1: Ball
3-1: Called Strike
3-2: Fly out, F8 (Flyball, 8LS)
Batting: LHB Miguel Román 0-0: Ball
1-0: Foul Ball, location: 2F
1-1: Ball
2-1: Ball
3-1: Base on Balls
Batting: RHB Junji Ito 0-0: Called Strike
0-1: Ball
1-1: Foul Ball, location: 2F
1-2: SINGLE (Line Drive, 4D)
Miguel Román to second
Batting: RHB Ik-jun Cho 0-0: SINGLE (Line Drive, 34D)
Miguel Román to third
Junji Ito to second
Batting: RHB Jacob King 0-0: Ball
1-0: Fly out, F5 (Line Drive, 5)
Top of the 4th over - 0 runs, 2 hits, 0 errors, 3 left on base; Ladue 1 - Staten Island 2
BOTTOM OF THE 4TH
Staten Island Pizza Rats batting - Pitching for Ladue Rams : LHP Ryson Polonius
Batting: RHB Brock Waxley 0-0: Ball
1-0: Ball
2-0: Ball
3-0: Foul Ball, location: 2F
3-1: Base on Balls
Batting: RHB Jack Lynch 0-0: Ball
1-0: Called Strike
1-1: Swinging Strike
Passed Ball!
Brock Waxley to second
1-2: Foul Ball, location: 2F
1-2: Strikes out swinging
Batting: RHB Jorge Japón 0-0: DOUBLE (Flyball, 7LD)
Brock Waxley scores
Batting: RHB António Reyes 0-0: Ball
1-0: Ball
2-0: Foul Ball, location: 2F
2-1: Called Strike
2-2: Foul Ball, location: 2F
2-2: Foul Ball, location: 2F
2-2: Foul Ball, location: 2F
2-2: Strikes out looking
Batting: LHB Carlos Sánchez 0-0: Ball
1-0: Ball
2-0: Foul Ball, location: 2F
2-1: Ball
3-1: SINGLE (Groundball, 6) (infield hit)
Jorge Japón to third
Batting: RHB Curt Rovira 0-0: Ball
1-0: Called Strike
1-1: Ball
2-1: SINGLE (Flyball, 9S)
Jorge Japón scores
Carlos Sánchez to second
Runner from 2nd tries for 3rd, SAFE, no throw
Batting: LHB Wilson Sabadodíaz 0-0: Called Strike
0-1: Swinging Strike
0-2: Ball
1-2: Ball
2-2: Strikes out swinging
Bottom of the 4th over - 2 runs, 3 hits, 0 errors, 2 left on base; Ladue 1 - Staten Island 4
TOP OF THE 5TH
Ladue Rams batting - Pitching for Staten Island Pizza Rats : LHP Artur Corteso
Batting: RHB Josip Primorac 0-0: Ball
1-0: Ball
2-0: Called Strike
2-1: Called Strike
2-2: SINGLE (Line Drive, 6MD)
Batting: RHB Dick Melton 0-0: Sac Bunt - play at first, batter OUT! 1-3
Josip Primorac to second
Batting: RHB Noel Peterson 0-0: Called Strike
0-1: Called Strike
0-2: Strikes out swinging
Batting: RHB Louie Kennard 0-0: Called Strike
0-1: Ball
1-1: SINGLE (Line Drive, 56)
Josip Primorac to third
Batting: RHB Y-Tic Amanap 0-0: Called Strike
0-1: Ball
1-1: Ball
2-1: Foul Ball, location: 2F
2-2: Foul Ball, location: 2F
2-2: Ball
3-2: Fly out, F1 (Line Drive, 15)
Top of the 5th over - 0 runs, 2 hits, 0 errors, 2 left on base; Ladue 1 - Staten Island 4
BOTTOM OF THE 5TH
Staten Island Pizza Rats batting - Pitching for Ladue Rams : LHP Ryson Polonius
Batting: LHB Ismael Soto 0-0: Called Strike
0-1: Ball
1-1: Ball
2-1: Foul Ball, location: 2F
2-2: Strikes out looking
Batting: LHB Tony Rincón 0-0: Called Strike
0-1: Ball
1-1: Ball
2-1: Ball
3-1: Fly out, F7 (Flyball, 7LS)
Batting: RHB Brock Waxley 0-0: Called Strike
0-1: Called Strike
0-2: Foul Ball, location: 2F
0-2: Strikes out swinging, 2-3 out at first.
Bottom of the 5th over - 0 runs, 0 hits, 0 errors, 0 left on base; Ladue 1 - Staten Island 4
TOP OF THE 6TH
Ladue Rams batting - Pitching for Staten Island Pizza Rats : LHP Artur Corteso
Batting: LHB Miguel Román 0-0: Ball
1-0: Fly out, F4 (Popup, 13S)
Batting: RHB Junji Ito 0-0: Ball
1-0: Foul Ball, location: 2F
1-1: Fly out, F8 (Flyball, 8RD)
Batting: RHB Ik-jun Cho 0-0: Ball
1-0: Foul Ball, location: 2F
1-1: Swinging Strike
1-2: Ball
2-2: Strikes out swinging
Top of the 6th over - 0 runs, 0 hits, 0 errors, 0 left on base; Ladue 1 - Staten Island 4
BOTTOM OF THE 6TH
Staten Island Pizza Rats batting - Pitching for Ladue Rams : LHP Ryson Polonius
Batting: RHB Jack Lynch 0-0: Called Strike
0-1: Swinging Strike
0-2: Ball
1-2: Foul Ball, location: 2F
1-2: Fly out, F7 (Flyball, 7LM)
Batting: RHB Jorge Japón 0-0: Called Strike
0-1: Fly out, F4 (Line Drive, 4M)
Batting: RHB António Reyes 0-0: Swinging Strike
0-1: Ball
1-1: Swinging Strike
1-2: Foul Ball, location: 2F
1-2: Foul Ball, location: 2F
1-2: Ball
2-2: Strikes out swinging
Bottom of the 6th over - 0 runs, 0 hits, 0 errors, 0 left on base; Ladue 1 - Staten Island 4
TOP OF THE 7TH
Ladue Rams batting - Pitching for Staten Island Pizza Rats : LHP Artur Corteso
Batting: RHB Jacob King 0-0: Called Strike
0-1: Ball
1-1: Called Strike
1-2: Ball
2-2: Fly out, F7 (Flyball, 7D)
Batting: RHB Josip Primorac 0-0: Swinging Strike
0-1: Ball
1-1: Ball
2-1: Ball
3-1: Swinging Strike
3-2: Foul Ball, location: 2F
3-2: Base on Balls
Batting: RHB Dick Melton 0-0: Foul Ball, location: 2F
0-1: Swinging Strike
0-2: Ball
1-2: Foul Ball, location: 2F
1-2: Ball
2-2: Ground out 5-3 (Groundball, 56S)
Josip Primorac to second
Batting: RHB Noel Peterson 0-0: Ball
Wild Pitch!
Josip Primorac to third
1-0: Ground out 5-3 (Groundball, 5L)
Top of the 7th over - 0 runs, 0 hits, 0 errors, 1 left on base; Ladue 1 - Staten Island 4
BOTTOM OF THE 7TH
Staten Island Pizza Rats batting - Pitching for Ladue Rams : LHP Ryson Polonius
Batting: LHB Carlos Sánchez 0-0: Called Strike
0-1: Fly out, F7 (Flyball, 7S)
Batting: RHB Curt Rovira 0-0: Ball
1-0: Ball
2-0: Swinging Strike
2-1: Ball
3-1: Swinging Strike
3-2: Strikes out swinging
Batting: LHB Wilson Sabadodíaz 0-0: Foul Ball, location: 2F
0-1: Foul Ball, location: 2F
0-2: Ball
1-2: Ball
2-2: Ball
3-2: Strikes out swinging
Bottom of the 7th over - 0 runs, 0 hits, 0 errors, 0 left on base; Ladue 1 - Staten Island 4
TOP OF THE 8TH
Ladue Rams batting - Pitching for Staten Island Pizza Rats : LHP Artur Corteso
Now at 2B: Anastasio Colomo
Batting: RHB Louie Kennard 0-0: Ground out 3-1 (Groundball, 34)
Batting: RHB Y-Tic Amanap 0-0: Ball
1-0: Called Strike
1-1: Swinging Strike
1-2: Strikes out looking
Batting: LHB Miguel Román 0-0: Called Strike
0-1: Ball
1-1: Ball
2-1: Called Strike
2-2: Strikes out swinging
Top of the 8th over - 0 runs, 0 hits, 0 errors, 0 left on base; Ladue 1 - Staten Island 4
BOTTOM OF THE 8TH
Staten Island Pizza Rats batting - Pitching for Ladue Rams : LHP Ryson Polonius
Batting: LHB Ismael Soto 0-0: Called Strike
0-1: Foul Ball, location: 2F
0-2: Strikes out swinging
Batting: LHB Tony Rincón 0-0: Ball
1-0: SINGLE (Groundball, 56S) (infield hit)
Pitching: RHP Brandon Hughes
Batting: RHB Brock Waxley 0-0: Called Strike
Tony Rincón steals 2nd base
0-1: Ball
1-1: Called Strike
1-2: Ball
2-2: Strikes out looking
Batting: RHB Jack Lynch 0-0: Called Strike
0-1: Swinging Strike
0-2: Ball
1-2: Fly out, F4 (Popup, 13)
Bottom of the 8th over - 0 runs, 1 hit, 0 errors, 1 left on base; Ladue 1 - Staten Island 4
TOP OF THE 9TH
Ladue Rams batting - Pitching for Staten Island Pizza Rats : LHP Artur Corteso
Batting: RHB Junji Ito 0-0: Called Strike
0-1: Swinging Strike
0-2: Strikes out looking
Batting: RHB Ik-jun Cho 0-0: Ball
1-0: Fly out, F7 (Flyball, 78D)
Batting: RHB Jacob King 0-0: Called Strike
0-1: Ball
1-1: SINGLE (Groundball, 56S) (infield hit)
Pitching: LHP Julius Spry
Batting: RHB Josip Primorac 0-0: Ball
1-0: Called Strike
1-1: Ball
2-1: Foul Ball, location: 2F
2-2: Strikes out swinging
Top of the 9th over - 0 runs, 1 hit, 0 errors, 1 left on base; Ladue 1 - Staten Island 4
Friday, March 29th, 2019 - OOTP Baseball 18.8 Build 76